 Dungeon Crawl Stone Soup version 0.13-a0-1804-g486adc7 (webtiles) character file.

378 Bruce the Sneak (level 5, -8/24 HPs)
             Began as a Spriggan Enchanter on June 25, 2013.
             Was an Initiate of Nemelex Xobeh.
             Mangled by a small abomination (18 damage)
             ... on Level 2 of the Abyss.
             The game lasted 00:14:59 (1637 turns).

Bruce the Sneak (Spriggan Enchanter)                Turns: 1637, Time: 00:14:59

HP  -8/24        AC  3     Str  4      XL: 5   Next: 80%
MP  16/16        EV 18     Int 14 (17) God: Nemelex Xobeh [......]
Gold 138         SH  0     Dex 17      Spells:  4 memorised,  3 levels left

Res.Fire  : . . .   See Invis. : +   a - +1 dagger {=f}
Res.Cold  : . . .   Warding    : .   b - +1 robe
Life Prot.: . . .   Conserve   : .   (shield restricted)
Res.Poison: .       Res.Corr.  : .   (helmet restricted)
Res.Elec. : .       Clarity    : .   (no cloak)
Sust.Abil.: . .     Spirit.Shd : .   (gloves unavailable)
Res.Mut.  : .       Stasis     : .   (boots unavailable)
Res.Rott. : .       Flight     : .   (no amulet)
Saprovore : . . .                    (no ring)
                                     (no ring)

@: very quick, somewhat resistant to hostile enchantments, quite stealthy
A: unfitting armour, see invisible, herbivore 3, speed 3, slow metabolism 2
a: Renounce Religion


You were on level 2 of the Abyss.
You worshipped Nemelex Xobeh.
Nemelex Xobeh was noncommittal.
You were not hungry.

You visited 1 branch of the dungeon, and saw 5 of its levels.
You visited the Abyss 1 time.

You collected 118 gold pieces.

Inventory:

Hand weapons
 a - a +1,+1 dagger (weapon) {=f}
 p - a +0 blowgun
Missiles
 d - 10 darts (quivered)
 q - 18 poisoned needles
Armour
 b - a +1 robe (worn)
Magical devices
 o - a wand of cold (1)
Scrolls
 f - a scroll of blinking {unknown}
 g - a scroll of magic mapping {unknown}
 h - a scroll of curse armour {unknown}
 j - 4 scrolls of remove curse
 k - a scroll of enchant armour {unknown}
 l - a scroll of recharging {unknown}
 s - a scroll of curse jewellery {unknown}
 t - 3 scrolls of curse weapon {unknown}
 u - a scroll of identify {unknown}
 w - a scroll of fear {unknown}
Jewellery
 y - an uncursed ring of hunger {unknown}
Potions
 e - a potion of porridge
 i - 2 potions of paralysis {unknown}
 n - a potion of confusion {unknown}
 r - a potion of mutation {unknown}
 v - a potion of resistance {unknown}
Books
 c - a book of Maledictions

   Spells                             Type                      Level
   *Corona                            Hexes                        1
   *Sure Blade                        Hexes/Charms                 2
   *Ensorcelled Hibernation           Hexes/Ice                    2
   *Confuse                           Hexes                        3
   Enslavement                        Hexes                        4
   Invisibility                       Hexes                        6
Miscellaneous
 x - a lamp of fire


   Skills:
 * Level 3.5 Short Blades
 - Level 1.1 Throwing
 - Level 3.0 Dodging
 * Level 5.9 Stealth
 - Level 3.7 Spellcasting
 + Level 4.2 Hexes
 * Level 0.0 Evocations


You had 3 spell levels left.
You knew the following spells:

 Your Spells              Type           Power        Failure   Level  Hunger
a - Corona                Hex            ##.....      3%          1    None
b - Ensorcelled Hibernat  Hex/Ice        #.....       14%         2    ##.....
c - Confuse               Hex            ##......     12%         3    ###....
d - Sure Blade            Hex/Chrm       #.........   14%         2    ##.....


Dungeon Overview and Level Annotations

Branches:
Dungeon (5/27)
 Temple: D:4-7

Altars:
Nemelex Xobeh
Yredelemnul

Annotations
D:4 Menkaure


Innate Abilities, Weirdness & Mutations

You are tiny and cannot use many weapons and most armour.
You have supernaturally acute eyesight.
You are a herbivore.
You cover ground extremely quickly.
You need consume almost no food.


Message History

A large abomination comes into view.
A small abomination comes into view.
A small abomination materialises.
A large abomination comes into view.
An orange demon comes into view.
Found a corrupted altar of Lugonu.
Found a plate armour.
Found a scroll labeled KURUGO RUINT.
f - a scroll labeled KURUGO RUINT You offer a prayer to Nemelex Xobeh.
Nemelex Xobeh is noncommittal.
An orange demon comes into view.
A small abomination comes into view.
A small abomination comes into view.
Found a plate armour.
Found a centaur barding.
The small abomination hits you!
Ouch! That really hurt!
You die...
Your body disappears without a glow.

### #.# ###.#
########...#
#[.....#..##
###..x#.#.###
#...#.@.#....#
##....#..#x...#
..##...#.#......###
.................
...................
#.....#.....#.....
# ..###...###...#
#.....#..... .... .
. ............


You could see a small abomination.

Vanquished Creatures
  An ogre (D:5)
  3 worker ants (D:4)
  A scorpion (D:4)
  An iguana (D:4)
  An adder (D:4)
  2 worms (D:4)
  A ball python (D:5)
  4 giant cockroaches
  3 goblins
  2 hobgoblins
  3 jackals (D:4)
  3 giant newts
  A kobold (D:4)
  3 rats (D:4)
29 creatures vanquished.

Notes
Turn   | Place    | Note
--------------------------------------------------------------
     0 | D:1      | Bruce, the Spriggan Enchanter, began the quest for the Orb.
     0 | D:1      | Reached XP level 1. HP: 9/9 MP: 4/4
   247 | D:4      | Reached XP level 2. HP: 11/13 MP: 3/6
   266 | D:4      | Noticed an orc wizard
   283 | D:4      | Learned a level 2 spell: Ensorcelled Hibernation
   459 | D:4      | Reached XP level 3. HP: 9/16 MP: 7/9
   464 | D:4      | Learned a level 3 spell: Confuse
   484 | D:4      | Noticed a worker ant
   496 | D:4      | Noticed a worker ant
   515 | D:4      | Killed a worker ant
   515 | D:4      | Reached skill level 4 in Stealth
   534 | D:4      | Killed a worker ant
   534 | D:4      | Reached XP level 4. HP: 10/21 MP: 2/12
   538 | D:4      | Learned a level 2 spell: Sure Blade
   564 | D:4      | Noticed a scorpion
   572 | D:4      | Killed a scorpion
   594 | D:4      | Noticed an iguana
   618 | D:4      | Killed an iguana
   618 | D:4      | Reached skill level 5 in Stealth
   737 | D:4      | Noticed Menkaure
   813 | D:4      | Noticed a worker ant
   821 | D:4      | Killed a worker ant
   821 | D:4      | Reached XP level 5. HP: 19/24 MP: 6/16
   898 | D:5      | Entered Level 5 of the Dungeon
   898 | D:5      | Noticed an ogre
   905 | D:5      | Killed an ogre
  1006 | D:5      | Found a basalt altar of Yredelemnul.
  1011 | D:5      | Found a sparkling altar of Nemelex Xobeh.
  1018 | D:5      | Became a worshipper of Nemelex Xobeh
  1090 | D:3      | Cast into the Abyss (kobold)
  1159 | Abyss:1  | Noticed a neqoxec
  1171 | Abyss:1  | Noticed a neqoxec
  1224 | Abyss:1  | Noticed a smoke demon
  1227 | Abyss:1  | Noticed a smoke demon
  1235 | Abyss:1  | Noticed a large abomination
  1243 | Abyss:1  | Noticed a hellwing
  1276 | Abyss:1  | Noticed a small abomination
  1277 | Abyss:1  | Noticed a smoke demon
  1287 | Abyss:1  | Noticed a starcursed mass
  1321 | Abyss:1  | Noticed a smoke demon
  1321 | Abyss:1  | Noticed a small abomination
  1368 | Abyss:2  | Noticed an orange demon
  1404 | Abyss:2  | Noticed a giant orange brain
  1414 | Abyss:2  | Noticed a starcursed mass
  1456 | Abyss:2  | Noticed an apocalypse crab
  1461 | Abyss:2  | Noticed a necromancer
  1466 | Abyss:2  | Noticed a tentacled starspawn
  1478 | Abyss:2  | Noticed a ynoxinul
  1482 | Abyss:2  | Noticed a neqoxec
  1484 | Abyss:2  | Noticed a hellwing
  1496 | Abyss:2  | Noticed a deep dwarf death knight
  1496 | Abyss:2  | Noticed a small abomination
  1498 | Abyss:2  | Noticed a purple draconian simulacrum
  1501 | Abyss:2  | Noticed a small abomination
  1574 | Abyss:2  | Noticed a large abomination
  1587 | Abyss:2  | Noticed a small abomination
  1591 | Abyss:2  | Noticed a large abomination
  1592 | Abyss:2  | Noticed an orange demon
  1597 | Abyss:2  | Found a corrupted altar of Lugonu.
  1615 | Abyss:2  | Noticed an orange demon
  1619 | Abyss:2  | Noticed a small abomination
  1622 | Abyss:2  | Noticed a small abomination
  1637 | Abyss:2  | Mangled by a small abomination

Action                   |  1- 3 |  4- 6 || total
-------------------------+-------+-------++-------
Melee: Dagger            |    47 |    44 ||    91
Throw: Dart              |     8 |       ||     8
 Cast: Corona            |     5 |       ||     5
       Ensorcelled Hiber |     4 |    14 ||    18
       Confuse           |       |     1 ||     1
Evoke: Wand              |       |     1 ||     1
  Use: Scroll            |       |     3 ||     3
 Stab: Sleeping          |     9 |     8 ||    17
